 Dungeon Crawl Stone Soup version 0.31-a0-255-g9c3d1c461a (webtiles) character file.

Game seed: 12855173431104135322

237 qw the Shooter (level 5, 0/45 HPs)
             Began as a Minotaur Hexslinger on July 12, 2023.
             Slain by an iguana (9 damage)
             ... on level 4 of the Dungeon.
             The game lasted 00:00:59 (2538 turns).

qw the Shooter (Minotaur Hexslinger)                Turns: 2538, Time: 00:00:59

Health: 0/45       AC:  8    Str: 12    XL:     5   Next: 77%
Magic:  5/5        EV: 12    Int: 10    God:
Gold:   110        SH:  0    Dex: 15    Spells: 5/6 levels left

rFire   . . .        Y - +1 sling
rCold   . . .        (no shield)
rNeg    . . .        a - +0 leather armour
rPois   .            (helmet restricted)
rElec   .            (no cloak)
rCorr   .            b - +0 pair of gloves
SInv    .            (no boots)
Will    .....        c - amulet of regeneration
Stlth   +            d - +4 ring of protection
HPRegen 1.07/turn    (no ring)
MPRegen 0.09/turn

%: no passive effects
@: no status effects
A: horns 2, retaliatory headbutt
a: no special abilities


You were on level 4 of the Dungeon.
You visited 1 branch of the dungeon, and saw 4 of its levels.

You collected 110 gold pieces.


Innate Abilities, Weirdness & Mutations

You have a pair of horns on your head.
You reflexively headbutt those who attack you in melee.


   Skills:
 - Level 3.3 Fighting
 - Level 6.0 Ranged Weapons
 + Level 0.0 Armour
 - Level 2.1 Dodging
 - Level 1.0 Spellcasting
 - Level 2.0 Hexes


You had 5 spell levels left.
You knew the following spells:

 Your Spells              Type           Power      Damage    Failure   Level
a - Slow                  Hex            16%        N/A       19%         1

Your spell library contained the following spells:

 Spells                   Type           Power      Damage    Failure   Level
 Inner Flame              Hex/Fire       2%         N/A       65%         3
 Portal Projectile        Hex/Tloc       4%         N/A       65%         3
 Cause Fear               Hex            2%         N/A       88%         4

Inventory:

Hand Weapons
 Y - a +1 sling (weapon)
Armour
 a - a +0 leather armour (worn)
 b - a +0 pair of gloves (worn)
Jewellery
 c - an amulet of regeneration (around neck)
 d - a +4 ring of protection (left hand)
Scrolls
 g - a scroll of identify
Potions
 e - a potion of cancellation
 f - a potion of brilliance {unknown}
 h - a potion of mutation {unknown}
 i - a potion of invisibility {unknown}

Dungeon Overview and Level Annotations

Branches:
Dungeon (4/15)
 Temple: D:4-7

Altars:


Message History

The ball python constricts you.
You shoot a sling bullet. The sling bullet hits the ball python!
You kill the ball python!
The iguana bites you!
You shoot a sling bullet. The sling bullet hits the iguana.
The iguana is heavily wounded.
The iguana closely misses you. The iguana bites you.
You shoot a sling bullet.
The sling bullet closely misses the iguana.
The iguana completely misses you.
You shoot a sling bullet.
The sling bullet closely misses the iguana.
The iguana bites you.
You shoot a sling bullet.
The sling bullet barely misses the iguana.
The iguana bites you but does no damage.
You shoot a sling bullet.
The sling bullet hits the iguana but does no damage.
The iguana is heavily wounded.
The iguana bites you!
You shoot a sling bullet. The sling bullet hits the iguana.
The iguana is heavily wounded.
The iguana bites you.
You shoot a sling bullet. The sling bullet hits the iguana.
The iguana is severely wounded.
The iguana bites you but does no damage.
You shoot a sling bullet.
The sling bullet closely misses the iguana.
The iguana bites you! The iguana closely misses you.
You shoot a sling bullet.
The sling bullet barely misses the iguana.
The iguana barely misses you.
You shoot a sling bullet.
The sling bullet barely misses the iguana.
The iguana closely misses you.
You shoot a sling bullet.
The sling bullet hits the iguana but does no damage.
The iguana is severely wounded.
The iguana bites you!
You die...

### ## #<#
.# #.# ..
#.# .# #.#
.#
#.#####l#.#
#.....@...#
#######.#.#
.# .# .# .#
.# .#


You could see an iguana.

Vanquished Creatures
  Terence (D:2)
  Natasha (thrice) (D:2)
  4 gnolls (D:3)
  2 adders
  A shadow imp (D:3)
  7 worms
  2 dart slugs (D:3)
  An orc (D:3)
  2 ball pythons
  6 bats
  An endoplasm (D:3)
  2 giant cockroaches
  8 goblins (D:2)
  4 hobgoblins
  2 jackals (D:2)
  2 quokkas (D:3)
  3 frilled lizards
  2 kobolds
  6 rats
59 creatures vanquished.

Notes
Turn   | Place    | Note
-------+----------+-------------------------------------------
     0 | D:1      | qw the Minotaur Hexslinger began the quest for the Orb.
     0 | D:1      | Reached XP level 1. HP: 16/16 MP: 1/1
     0 | D:1      | 0 ||| qw: Version: 0.3-a-52-g30416fa
     0 | D:1      | 0 ||| qw: Game counter: 6705
     0 | D:1      | 0 ||| qw: Melee chars always use a shield: true
     0 | D:1      | 0 ||| qw: God list: Okawaru
     0 | D:1      | 0 ||| qw: Allow faded altars: false
     0 | D:1      | 0 ||| qw: Do Orc after clearing Dungeon:15 true
     0 | D:1      | 0 ||| qw: Do second Lair branch before Depths: true
     0 | D:1      | 0 ||| qw: Lair rune preference: random
     0 | D:1      | 0 ||| qw: Goals: Normal
     0 | D:1      | 0 ||| PLANNING D:1-11
   511 | D:1      | Reached skill level 3 in Ranged Weapons
   545 | D:1      | Reached XP level 2. HP: 23/23 MP: 2/2
   746 | D:1      | 746 ||| UPGRADING to +4 ring of protection.
   747 | D:1      | 747 ||| READING scroll labelled KENYQOXALU.
   748 | D:1      | 748 ||| READING scroll labelled XUARYGR IMMOMO.
   749 | D:1      | 749 ||| DROPPING scroll of poison.
   784 | D:2      | Found a faded altar of an unknown god.
   898 | D:2      | Noticed Terence
   975 | D:2      | Noticed Natasha
   980 | D:2      | Killed Natasha
   981 | D:2      | Reached skill level 4 in Ranged Weapons
   981 | D:2      | Reached XP level 3. HP: 21/29 MP: 3/3
   992 | D:2      | Noticed Natasha
  1007 | D:2      | Killed Natasha
  1008 | D:2      | Reached XP level 4. HP: 17/36 MP: 4/4
  1023 | D:2      | Noticed Natasha
  1033 | D:2      | HP: 6/36 [Natasha (5)]
  1034 | D:2      | Killed Natasha
  1035 | D:2      | Reached skill level 5 in Ranged Weapons
  1389 | D:2      | Killed Terence
  1390 | D:2      | Reached skill level 3 in Fighting
  1519 | D:2      | Reached XP level 5. HP: 35/45 MP: 5/5
  1618 | D:2      | 1618 ||| UPGRADING to +0 leather armour.
  1628 | D:2      | 1628 ||| DROPPING +0 robe.
  1629 | D:2      | 1629 ||| READING scroll labelled QERGHE KOSACH.
  1640 | D:3      | 1640 ||| STAIRDANCE
  2097 | D:3      | Reached skill level 6 in Ranged Weapons
  2282 | D:3      | 2282 ||| Stepping ~*~*~tactically~*~*~ (outnumbered).
  2304 | D:3      | 2304 ||| FLEEEEING.
  2305 | D:3      | 2305 ||| FLEEEEING.
  2306 | D:3      | 2306 ||| FLEEEEING.
  2307 | D:3      | 2307 ||| FLEEEEING.
  2308 | D:3      | 2308 ||| FLEEEEING.
  2309 | D:3      | 2309 ||| FLEEEEING.
  2310 | D:3      | 2310 ||| FLEEEEING.
  2495 | D:3      | 2495 ||| UPGRADING to +0 pair of gloves.
  2500 | D:3      | 2500 ||| UPGRADING to amulet of regeneration.
  2505 | D:3      | 2505 ||| READING 2 scrolls of identify.
  2505 | D:3      | 2505 ||| IDENTIFYING grey potion
  2512 | D:4      | 2512 ||| PLANNING OSSUARY
  2535 | D:4      | HP: 5/45 [iguana (9)]
  2538 | D:4      | Slain by an iguana

Levels and vault maps discovered:
D:1:      minmay_arrival_four_loops, layout_basic, serial_glass,
          glass_columns_a, glass_columns_b
D:2:      layout_rooms, ebering_ecumenical_altar_petrified, serial_aquarium,
          aquarium_bridge_square [aquarium_subvault_wall,
          aquarium_subvault_bridge, aquarium_subvault_window,
          aquarium_subvault_balcony], aquarium_window_3, aquarium_window_1,
          aquarium_view_2e, aquarium_view_2c, nicolae_wormholes, uniq_terence,
          uniq_natasha
D:3:      layout_loops_ring
D:4:      layout_basic, zin_treasury, nicolae_ossuary_entry_plus,
          serial_bayou_pond_e, minmay_shop_grid_forest

Skill      XL: |  1  2  3  4  5 |
---------------+----------------+-----
Ranged Weapons | 3 4 5 6 |  6.0
Fighting       | 2 3 |  3.3
Dodging        | |  2.1
Spellcasting   | |  1.0
Hexes          | |  2.0

Action                     |  1- 3 |  4- 6 || total
---------------------------+-------+-------++-------
   Fire: Sling             |    72 |   187 ||   259
    Use: Scroll            |     2 |     2 ||     4
 Armour: Robe              |    11 |    10 ||    21
         Leather armour    |       |    16 ||    16
  Dodge: Dodged            |    12 |    65 ||    77

Table legend:
 A = Non-vault XP
 B = Vault XP
 C = Vault XP percentage of total XP
 D = Non-vault monster count
 E = Vault monster count
 F = Vault count percentage of total count
                 A         B        C        D         E       F
            +---------+---------+-------+---------+---------+-------
      Total |     249 |      90 |  26.5 |      53 |       6 |  10.2
            +---------+---------+-------+---------+---------+-------
        D:1 |      14 |       0 |   0.0 |       9 |       0 |   0.0
        D:2 |     118 |      90 |  43.3 |      22 |       6 |  21.4
        D:3 |     116 |       0 |   0.0 |      21 |       0 |   0.0
        D:4 |       1 |       0 |   0.0 |       1 |       0 |   0.0
            +---------+---------+-------+---------+---------+-------
